[Event "42nd Olympiad Baku 2016 Open"]
[Site "Baku"]
[Date "2016.09.05"]
[Round "4.21"]
[White "Tapia, Alexei"]
[Black "Mok, Tze-Meng"]
[Result "1-0"]
[ECO "A04"]
[WhiteElo "2183"]
[BlackElo "2373"]
[Annotator ""]
[PlyCount "137"]
[EventDate "2016.??.??"]
[EventCountry "AZE"]
[SourceTitle "playchess.com"]
[Source "ChessBase"]
[WhiteTeam "Panama"]
[BlackTeam "Malaysia"]
[WhiteTeamCountry "PAN"]
[BlackTeamCountry "MAS"]
[TimeControl "40/5400+30:1800+30"]

1. Nf3 {(00:00)} g6 {(00:00)} 2. e4 {(00:24)} c6 {(
00:53)} 3. d4 {(00:48)} d5 {(01:57)} 4. Nc3 {(01:16)} Bg7
{(02:03)} 5. h3 {(00:46)} Nh6 {(00:26)} 6. Bf4 {(
00:50)} f6 {(01:58)} 7. exd5 {(04:51)} cxd5 {(00:09)} 8.
Nb5 {(00:16)} Na6 {(01:51)} 9. Bd3 {(06:07)} O-O {(
01:08)} 10. O-O {(01:34)} Nf7 {(02:59)} 11. Re1 {(03:49)}
Nb4 {(02:44)} 12. c4 {(06:16)} a6 {(09:22)} 13. Nc3 {
(22:39)} Nxd3 {(07:33)} 14. Qxd3 {(00:24)} Bf5 {(
01:11)} 15. Qe2 {(06:55)} dxc4 {(08:40)} 16. Qxc4 {(01:18]
} b5 {(03:07)} 17. Qb4 {(02:17)} Re8 {(00:57)} 18. a4 {
(02:06)} e5 {(17:40)} 19. dxe5 {(02:34)} fxe5 {(00:
09)} 20. Be3 {(03:03)} Bf8 {(01:47)} 21. Qb3 {(03:18)} Be6
{(01:01)} 22. Qd1 {(01:09)} Qxd1 {(18:22)} 23. Rexd1 {
(01:21)} Bb3 {(00:57)} 24. Rdc1 {(01:21)} b4 {(04:
59)} 25. Ne4 {(00:22)} Rec8 {(00:14)} 26. Bc5 {(06:41)}
Bh6 {(02:32)} 27. Nfd2 {(04:32)} Bd5 {(04:57)} 28. Nf6+ {
(00:59)} Kg7 {(00:15)} 29. Nxd5 {(00:18)} Bxd2 {(
00:05)} 30. Rc2 {(00:17)} b3 {(00:41)} 31. Rxd2 {(04:47)}
Rxc5 {(00:07)} 32. Nc3 {(00:17)} Ra7 {(02:08)} 33. Rad1 {
(01:16)} Rcc7 {(01:15)} 34. f3 {(01:55)} Rab7 {(00:
38)} 35. Kf2 {(02:35)} Kf8 {(00:29)} 36. Ke3 {(00:34)} Kg7
{(00:54)} 37. Rd3 {(03:57)} Kf8 {(00:34)} 38. R3d2 {
(02:05)} Kg7 {(00:05)} 39. Rd3 {(01:29)} Kf8 {(00:
05)} 40. R1d2 {(00:00)} Kg7 {(00:00)} 41. Ne4 {(04:29)}
Rb4 {(09:49)} 42. Rd7 {(07:08)} Rxd7 {(00:27)} 43. Rxd7 {
(00:03)} Kf8 {(00:15)} 44. Nc5 {(05:00)} Ke8 {(04:
12)} 45. Rb7 {(01:07)} Rc4 {(06:20)} 46. Nxa6 {(00:39)}
Rxa4 {(01:32)} 47. Nc5 {(00:41)} Rc4 {(00:12)} 48. Nxb3 {
(00:23)} Nd6 {(01:28)} 49. Nd2 {(02:08)} Rc2 {(00:
35)} 50. Rb6 {(01:10)} Kd7 {(00:26)} 51. Rb4 {(01:20)} h5
{(03:30)} 52. Kd3 {(00:31)} Rc1 {(00:32)} 53. Nc4 {
(00:41)} Nxc4 {(03:31)} 54. Rxc4 {(00:03)} Rg1 {(
00:12)} 55. Rc2 {(00:19)} Kd6 {(01:54)} 56. Kc4 {(03:32)}
h4 {(03:03)} 57. Kb5 {(00:27)} Kd5 {(01:16)} 58. Rd2+ {
(06:42)} Ke6 {(00:02)} 59. b4 {(00:10)} Kf5 {(00:
30)} 60. Kc6 {(03:15)} Rc1+ {(01:09)} 61. Kb6 {(00:25)}
Rb1 {(01:37)} 62. b5 {(00:07)} Kf4 {(00:42)} 63. Kc6 {
(00:18)} Kg3 {(00:41)} 64. b6 {(00:45)} Rc1+ {(00:
22)} 65. Kd6 {(00:07)} Rb1 {(00:06)} 66. Kc7 {(00:08)}
Rc1+ {(00:07)} 67. Kb8 {(00:12)} Rb1 {(00:39)} 68. b7 {
(00:05)} Rc1 {(00:49)} 69. Ra2 {(00:06)} 1-0

[Event "42nd Olympiad Baku 2016 Open"]
[Site "Baku"]
[Date "2016.09.05"]
[Round "4.9"]
[White "Teerapabpaisit, Wisuwat"]
[Black "Jones, Rupert"]
[Result "1-0"]
[ECO "B01"]
[WhiteElo "2248"]
[BlackElo "1851"]
[Annotator ""]
[PlyCount "55"]
[EventDate "2016.??.??"]
[EventCountry "AZE"]
[SourceTitle "playchess.com"]
[Source "ChessBase"]
[WhiteTeam "Thailand"]
[BlackTeam "Papua New Guinea"]
[WhiteTeamCountry "THA"]
[BlackTeamCountry "PNG"]
[TimeControl "40/5400+30:1800+30"]

1. e4 {(00:00)} d5 {(00:00)} 2. exd5 {(00:00)} Nf6 {
(00:19)} 3. Nf3 {(00:13)} Bg4 {(01:27)} 4. Bb5+ {(
02:53)} Nbd7 {(01:34)} 5. h3 {(05:43)} Bh5 {(04:51)} 6. d4
{(13:25)} Nxd5 {(04:30)} 7. O-O {(01:27)} c6 {(01:
38)} 8. Be2 {(00:27)} e6 {(02:26)} 9. c4 {(00:30)} N5b6 {
(02:27)} 10. b3 {(01:32)} Be7 {(01:27)} 11. Nc3 {(
02:02)} Qc7 {(04:30)} 12. Be3 {(03:41)} Rd8 {(04:54)} 13.
Qc1 {(06:55)} Bf6 {(11:38)} 14. Bf4 {(13:22)} Qc8 {
(11:16)} 15. Ne4 {(01:13)} Be7 {(06:41)} 16. Bd6 {(
05:20)} Bxf3 {(04:16)} 17. Bxf3 {(01:27)} f5 {(10:45)} 18.
Bh5+ {(07:30)} g6 {(01:41)} 19. Bxe7 {(00:21)} Kxe7 {
(01:47)} 20. Qg5+ {(14:38)} Kf8 {(00:32)} 21. Nd6 {
(00:17)} Qc7 {(03:39)} 22. Rae1 {(03:24)} Qxd6 {(
11:43)} 23. Qxd8+ {(00:12)} Kg7 {(03:09)} 24. Qg5 {(00:03]
} c5 {(02:01)} 25. dxc5 {(01:05)} Nxc5 {(00:19)} 26. Bf3 {
(02:28)} h6 {(02:09)} 27. Qe3 {(00:42)} Rb8 {(01:
15)} 28. b4 {(02:26)} 1-0

[Event "42nd Olympiad Baku 2016 Open"]
[Site "Baku"]
[Date "2016.09.05"]
[Round "4.6"]
[White "Theocharous, Stelios"]
[Black "AL-Sayed, Mohammed"]
[Result "1/2-1/2"]
[ECO "B92"]
[WhiteElo "2065"]
[BlackElo "2521"]
[Annotator ""]
[PlyCount "99"]
[EventDate "2016.??.??"]
[EventCountry "AZE"]
[SourceTitle "playchess.com"]
[Source "ChessBase"]
[WhiteTeam "Cyprus"]
[BlackTeam "Qatar"]
[WhiteTeamCountry "CYP"]
[BlackTeamCountry "QAT"]
[TimeControl "40/5400+30:1800+30"]

1. e4 {(00:00)} c5 {(00:00)} 2. Nf3 {(00:00)} d6 {(
00:00)} 3. d4 {(00:00)} cxd4 {(00:00)} 4. Nxd4 {(00:00)}
Nf6 {(00:01)} 5. Nc3 {(00:00)} a6 {(00:08)} 6. Be2 {
(00:01)} Nbd7 {(02:14)} 7. O-O {(07:32)} g6 {(01:
08)} 8. Be3 {(02:28)} Bg7 {(04:44)} 9. f3 {(07:46)} O-O {
(03:44)} 10. Nd5 {(11:33)} e5 {(06:12)} 11. Nb3 {(
07:57)} Nxd5 {(02:40)} 12. Qxd5 {(00:25)} Nf6 {(00:43)}
13. Qd2 {(00:50)} d5 {(01:55)} 14. Rad1 {(01:33)} Be6 {
(01:24)} 15. Nc5 {(06:42)} Qc7 {(04:23)} 16. exd5 {
(03:40)} Bxd5 {(00:23)} 17. c4 {(00:34)} Bc6 {(00:
52)} 18. b4 {(10:25)} Rfd8 {(03:16)} 19. Qc1 {(00:25)} e4
{(13:50)} 20. f4 {(07:29)} Nd7 {(03:06)} 21. f5 {(
02:24)} Nxc5 {(06:04)} 22. Bxc5 {(03:51)} Rxd1 {(02:43)}
23. Rxd1 {(03:03)} gxf5 {(11:19)} 24. Qg5 {(02:17)} Qe5 {
(00:02)} 25. Bd4 {(05:59)} h6 {(00:09)} 26. Qh4 {(
00:53)} Qc7 {(15:01)} 27. Be3 {(06:00)} Kh7 {(02:50)} 28.
c5 {(00:59)} Re8 {(14:34)} 29. Bc4 {(05:45)} Re6 {(
00:31)} 30. Qh5 {(02:41)} Rf6 {(00:31)} 31. Bd4 {(00:24)}
Rg6 {(00:17)} 32. Qxf5 {(01:18)} Bxd4+ {(00:39)} 33. Rxd4
{(00:07)} Kg7 {(00:07)} 34. Bd5 {(00:53)} Bxd5 {(
00:53)} 35. Rxd5 {(00:23)} Qe7 {(00:34)} 36. Re5 {(00:49)}
Qd8 {(00:25)} 37. Rd5 {(00:30)} Qe8 {(00:29)} 38. Qe5+ {
(00:35)} Qxe5 {(00:34)} 39. Rxe5 {(00:05)} Rg4 {(
00:31)} 40. h3 {(00:00)} Rf4 {(00:00)} 41. g4 {(14:55)}
Kf6 {(02:49)} 42. Re8 {(05:40)} Rf3 {(05:57)} 43. Kg2 {
(05:29)} Ra3 {(02:41)} 44. Rxe4 {(00:22)} Rxa2+ {(
00:06)} 45. Kg3 {(00:15)} Ra3+ {(00:32)} 46. Kg2 {(00:14)}
Rb3 {(01:20)} 47. Rc4 {(01:11)} Kg5 {(03:48)} 48. c6 {
(01:06)} bxc6 {(00:05)} 49. Rxc6 {(00:05)} Rxb4 {(
01:59)} 50. Rxa6 {(00:06)} 1/2-1/2

[Event "42nd Olympiad Baku 2016 Open"]
[Site "Baku"]
[Date "2016.09.05"]
[Round "4.36"]
[White "Thompson, Edward Nii Lamptey"]
[Black "Neto, Roberto"]
[Result "1-0"]
[ECO "D10"]
[WhiteElo "1889"]
[BlackElo "1561"]
[Annotator ""]
[PlyCount "149"]
[EventDate "2016.??.??"]
[EventCountry "AZE"]
[SourceTitle "playchess.com"]
[Source "ChessBase"]
[WhiteTeam "Ghana"]
[BlackTeam "Guyana"]
[WhiteTeamCountry "GHA"]
[BlackTeamCountry "GUY"]
[TimeControl "40/5400+30:1800+30"]

1. d4 {(00:00)} d5 {(01:27)} 2. c4 {(00:00)} c6 {(
02:02)} 3. Nc3 {(00:00)} Nf6 {(06:12)} 4. e3 {(01:09)}
dxc4 {(05:39)} 5. Bxc4 {(00:39)} e6 {(00:01)} 6. Nf3 {
(00:08)} Nbd7 {(06:01)} 7. O-O {(01:30)} Be7 {(04:
46)} 8. e4 {(00:23)} O-O {(07:11)} 9. Bf4 {(00:15)} Nh5 {
(02:56)} 10. Be3 {(00:55)} Nhf6 {(09:22)} 11. Bd3 {
(00:54)} Qc7 {(07:42)} 12. Rc1 {(00:23)} Qb8 {(03:
29)} 13. Bg5 {(03:04)} Re8 {(06:05)} 14. Bh4 {(11:02)} b6
{(10:41)} 15. e5 {(05:07)} Nd5 {(01:07)} 16. Ne4 {(
00:19)} c5 {(06:06)} 17. Bxe7 {(00:57)} Nxe7 {(00:51)} 18.
Nd6 {(01:20)} Rf8 {(01:40)} 19. Be4 {(08:09)} Nd5 {
(00:28)} 20. Ng5 {(01:42)} g6 {(03:39)} 21. Bxd5 {(
03:14)} exd5 {(01:00)} 22. dxc5 {(00:50)} Nxc5 {(01:51)}
23. b4 {(01:09)} Ne6 {(01:59)} 24. Ngxf7 {(02:22)} Ba6 {
(00:01)} 25. Qg4 {(14:49)} Bxf1 {(04:42)} 26. Qxe6 {
(00:04)} Bc4 {(00:01)} 27. Qf6 {(01:26)} Rxf7 {(02:
04)} 28. Qxf7+ {(00:09)} Kh8 {(00:35)} 29. Qf6+ {(02:29)}
Kg8 {(00:32)} 30. Nxc4 {(00:28)} dxc4 {(00:21)} 31. Qe6+ {
(01:08)} Kf8 {(01:48)} 32. Rxc4 {(00:31)} Qd8 {(01:
16)} 33. Rf4+ {(04:06)} Kg7 {(00:07)} 34. Rf7+ {(00:16)}
Kh8 {(00:53)} 35. h3 {(04:16)} a5 {(01:42)} 36. bxa5 {
(01:25)} bxa5 {(00:32)} 37. Re7 {(01:14)} Qf8 {(00:
38)} 38. Qd7 {(01:40)} Rd8 {(00:44)} 39. Rf7 {(02:04)}
Rxd7 {(00:45)} 40. Rxf8+ {(00:00)} Kg7 {(00:00)} 41. Ra8 {
(00:16)} Rd1+ {(02:13)} 42. Kh2 {(00:11)} Rd2 {(00:
40)} 43. Ra7+ {(00:23)} Kh6 {(03:42)} 44. Rxa5 {(00:20)}
Rxf2 {(00:59)} 45. Kg3 {(00:09)} Re2 {(00:32)} 46. Kf3 {
(00:38)} Re1 {(01:10)} 47. a4 {(01:31)} Kg7 {(00:
30)} 48. Ra7+ {(00:54)} Kh6 {(01:37)} 49. Kf4 {(00:08)}
Rf1+ {(00:47)} 50. Ke4 {(02:07)} Rf2 {(02:51)} 51. g3 {
(00:50)} Kg5 {(00:27)} 52. Rxh7 {(01:04)} Re2+ {(
01:21)} 53. Kd5 {(00:05)} Rxe5+ {(00:02)} 54. Kc4 {(01:30]
} Re4+ {(09:18)} 55. Kb5 {(00:08)} Re5+ {(00:43)} 56. Kb6
{(00:21)} Re3 {(00:49)} 57. Rh4 {(02:57)} Rb3+ {(
00:58)} 58. Kc5 {(00:22)} Kf6 {(02:35)} 59. a5 {(00:33)}
Rxg3 {(01:25)} 60. a6 {(00:53)} Rc3+ {(00:59)} 61. Kb5 {
(00:05)} Rb3+ {(01:01)} 62. Rb4 {(00:09)} Rxh3 {(
00:30)} 63. a7 {(00:11)} Rh8 {(00:44)} 64. Ka6 {(00:26)}
Ra8 {(00:39)} 65. Rb8 {(00:11)} Rxa7+ {(00:25)} 66. Kxa7 {
(00:09)} g5 {(00:39)} 67. Kb6 {(00:10)} g4 {(04:09]
} 68. Kc5 {(00:14)} Ke5 {(00:47)} 69. Rg8 {(00:27)} Kf4 {
(00:34)} 70. Kd4 {(00:02)} Kf3 {(00:49)} 71. Kd3 {(
00:23)} g3 {(00:56)} 72. Rf8+ {(00:11)} Kg2 {(00:37)} 73.
Ke2 {(00:17)} Kh1 {(01:16)} 74. Rg8 {(00:14)} g2 {(
00:07)} 75. Kf2 {(00:29)} 1-0

[Event "42nd Olympiad Baku 2016 Open"]
[Site "Baku"]
[Date "2016.09.05"]
[Round "4.24"]
[White "Thorfinnsson, Bragi"]
[Black "Thorsteinsson, Sjurdur"]
[Result "1-0"]
[ECO "B52"]
[WhiteElo "2430"]
[BlackElo "2187"]
[Annotator ""]
[PlyCount "125"]
[EventDate "2016.??.??"]
[EventCountry "AZE"]
[SourceTitle "playchess.com"]
[Source "ChessBase"]
[WhiteTeam "Iceland"]
[BlackTeam "Faroe Islands"]
[WhiteTeamCountry "ISL"]
[BlackTeamCountry "FAI"]
[TimeControl "40/5400+30:1800+30"]

1. e4 {(00:00)} c5 {(00:00)} 2. Nf3 {(00:00)} d6 {(
00:24)} 3. Bb5+ {(00:10)} Bd7 {(01:17)} 4. Bxd7+ {(00:16)}
Qxd7 {(00:27)} 5. c4 {(00:21)} Nf6 {(00:58)} 6. Nc3 {
(00:11)} g6 {(00:12)} 7. d4 {(00:40)} cxd4 {(00:07]
} 8. Nxd4 {(00:09)} Bg7 {(00:19)} 9. f3 {(00:23)} O-O {
(01:30)} 10. Be3 {(00:56)} Rc8 {(03:14)} 11. b3 {(
00:52)} Nc6 {(03:10)} 12. O-O {(03:06)} Qd8 {(02:35)} 13.
Rc1 {(06:13)} a6 {(04:13)} 14. Nxc6 {(07:49)} Rxc6 {
(14:37)} 15. Qd2 {(05:20)} Qa5 {(15:29)} 16. Rfd1 {
(03:17)} e6 {(07:01)} 17. Ne2 {(08:31)} Qxd2 {(09:
22)} 18. Rxd2 {(00:07)} Bf8 {(03:38)} 19. Rcd1 {(03:54)}
Rcc8 {(06:27)} 20. a4 {(13:26)} Nd7 {(05:53)} 21. a5 {
(04:20)} Rab8 {(04:04)} 22. Ba7 {(03:50)} Ra8 {(00:
05)} 23. Bf2 {(00:09)} Rab8 {(00:42)} 24. Ra2 {(09:10)}
Be7 {(03:03)} 25. Nc3 {(02:07)} Rc6 {(01:11)} 26. f4 {
(08:46)} Nf6 {(03:08)} 27. h3 {(02:16)} Bd8 {(02:
39)} 28. Kf1 {(00:25)} Bc7 {(01:37)} 29. Be3 {(03:32)} Rc8
{(02:08)} 30. Ke2 {(01:19)} Kf8 {(01:17)} 31. Kf3 {
(00:52)} Nd7 {(02:00)} 32. Ra3 {(03:36)} Ke7 {(00:
30)} 33. Bf2 {(01:51)} Bb8 {(00:54)} 34. Na2 {(02:27)} Nc5
{(00:46)} 35. Bh4+ {(01:01)} f6 {(00:33)} 36. g4 {(
01:48)} Nd7 {(00:33)} 37. g5 {(01:28)} Rf8 {(00:39)} 38.
Nb4 {(00:58)} Rc5 {(00:53)} 39. Nd3 {(00:35)} Rcc8 {
(01:10)} 40. gxf6+ {(00:00)} Kf7 {(00:00)} 41. Ne5+ {
(04:31)} Nxe5+ {(04:18)} 42. fxe5 {(00:07)} Rcd8 {(
01:48)} 43. b4 {(07:51)} dxe5 {(06:40)} 44. Rad3 {(00:10)}
Rxd3+ {(01:42)} 45. Rxd3 {(00:05)} Ke8 {(01:12)} 46. Kg4 {
(05:55)} Bc7 {(10:25)} 47. b5 {(01:44)} axb5 {(04:
22)} 48. cxb5 {(00:05)} Bxa5 {(02:29)} 49. Rd6 {(00:41)}
Kf7 {(01:18)} 50. Rd7+ {(01:11)} Kg8 {(00:06)} 51. Rxb7 {
(01:55)} Bd2 {(01:04)} 52. Rd7 {(04:39)} Be3 {(00:
35)} 53. Kf3 {(00:26)} Bg1 {(00:45)} 54. Ke2 {(01:35)} Kh8
{(00:44)} 55. Bg5 {(00:18)} Kg8 {(00:32)} 56. Rg7+ {
(02:09)} Kh8 {(00:04)} 57. Bh6 {(01:01)} Rxf6 {(00:
35)} 58. Rc7 {(01:12)} Kg8 {(00:17)} 59. Be3 {(00:29)}
Bxe3 {(00:47)} 60. Kxe3 {(00:06)} Rf1 {(00:30)} 61. b6 {
(00:07)} Rb1 {(00:17)} 62. b7 {(00:07)} g5 {(00:10]
} 63. Rc8+ {(00:14)} 1-0

[Event "42nd Olympiad Baku 2016 Open"]
[Site "Baku"]
[Date "2016.09.05"]
[Round "4.15"]
[White "Tin, Jingyao"]
[Black "Efimov, Igor"]
[Result "1-0"]
[ECO "E10"]
[WhiteElo "2439"]
[BlackElo "2374"]
[Annotator ""]
[PlyCount "73"]
[EventDate "2016.??.??"]
[EventCountry "AZE"]
[SourceTitle "playchess.com"]
[Source "ChessBase"]
[WhiteTeam "Singapore"]
[BlackTeam "Monaco"]
[WhiteTeamCountry "SIN"]
[BlackTeamCountry "MNC"]
[TimeControl "40/5400+30:1800+30"]

1. d4 {(00:00)} Nf6 {(03:07)} 2. Nf3 {(00:00)} e6 {
(00:21)} 3. c4 {(00:34)} a6 {(00:19)} 4. e3 {(03:
25)} c5 {(03:11)} 5. Nc3 {(00:49)} b6 {(02:41)} 6. Bd3 {
(01:43)} Bb7 {(00:09)} 7. O-O {(01:04)} d6 {(00:19]
} 8. a4 {(03:54)} Nc6 {(07:23)} 9. d5 {(03:53)} exd5 {
(05:42)} 10. cxd5 {(00:32)} Nb4 {(00:15)} 11. Bc4 {
(00:40)} g6 {(03:01)} 12. e4 {(00:56)} Bg7 {(00:08]
} 13. Bf4 {(02:48)} Nh5 {(11:06)} 14. Bg5 {(02:28)} Qd7 {
(01:38)} 15. Qd2 {(05:13)} O-O {(01:07)} 16. Rfe1 {
(05:35)} Rae8 {(07:04)} 17. Nh4 {(40:45)} h6 {(29:
29)} 18. Bxh6 {(09:05)} Bxh6 {(00:16)} 19. Qxh6 {(00:06)}
Nc2 {(00:04)} 20. Nf3 {(00:57)} Nxa1 {(00:41)} 21. Rxa1 {
(00:24)} f6 {(06:43)} 22. Qxg6+ {(00:39)} Ng7 {(00:
02)} 23. Bd3 {(05:39)} Qf7 {(00:47)} 24. Qxf7+ {(02:12)}
Kxf7 {(09:28)} 25. g4 {(01:47)} Ke7 {(00:20)} 26. Ne2 {
(01:53)} Bc8 {(01:00)} 27. h3 {(00:06)} Bd7 {(00:
05)} 28. Nh4 {(02:39)} Kf7 {(01:08)} 29. Kg2 {(00:49)} b5
{(00:53)} 30. axb5 {(00:20)} axb5 {(00:22)} 31. Ra7 {
(00:30)} Re7 {(00:00)} 32. Nf4 {(00:22)} c4 {(00:
13)} 33. Bc2 {(00:31)} b4 {(02:16)} 34. Nhg6 {(00:41)} Rc8
{(00:03)} 35. Nxe7 {(00:28)} Kxe7 {(00:02)} 36. Ba4 {
(00:28)} Rd8 {(00:30)} 37. Kf3 {(01:11)} 1-0

[Event "42nd Olympiad Baku 2016 Open"]
[Site "Baku"]
[Date "2016.09.05"]
[Round "4.19"]
[White "Tologontegin, Semetey"]
[Black "Pulvett Marin, Daniel"]
[Result "1-0"]
[ECO "E46"]
[WhiteElo "2350"]
[BlackElo "2434"]
[Annotator ""]
[PlyCount "145"]
[EventDate "2016.??.??"]
[EventCountry "AZE"]
[SourceTitle "playchess.com"]
[Source "ChessBase"]
[WhiteTeam "Kyrgyzstan"]
[BlackTeam "Venezuela"]
[WhiteTeamCountry "KGZ"]
[BlackTeamCountry "VEN"]
[TimeControl "40/5400+30:1800+30"]

1. d4 {(00:00)} Nf6 {(00:00)} 2. c4 {(00:00)} e6 {(
00:00)} 3. Nc3 {(00:00)} Bb4 {(00:03)} 4. e3 {(00:07)} O-O
{(00:16)} 5. Nge2 {(00:28)} Re8 {(01:29)} 6. a3 {(
02:46)} Bf8 {(00:09)} 7. e4 {(12:06)} d5 {(00:10)} 8. e5 {
(01:55)} Nfd7 {(00:40)} 9. cxd5 {(25:02)} exd5 {(
00:51)} 10. f4 {(03:45)} c5 {(20:40)} 11. dxc5 {(09:06)}
Nc6 {(07:48)} 12. Nxd5 {(25:51)} Nxc5 {(14:07)} 13. Nec3 {
(02:06)} Bf5 {(09:12)} 14. Be3 {(04:29)} Qh4+ {(03:
57)} 15. g3 {(04:00)} Qh6 {(00:09)} 16. b4 {(01:24)} Ne4 {
(10:50)} 17. Nxe4 {(02:13)} Bxe4 {(00:10)} 18. f5 {
(00:05)} Bxd5 {(00:09)} 19. Bxh6 {(00:08)} Bxh1 {(
00:07)} 20. Bf4 {(00:37)} Nxe5 {(00:03)} 21. Kf2 {(00:40)}
Bc6 {(04:14)} 22. Be2 {(02:00)} a5 {(02:25)} 23. Qd4 {
(01:12)} Rad8 {(03:44)} 24. Qc3 {(00:27)} Rd5 {(00:
28)} 25. Rb1 {(00:51)} axb4 {(01:54)} 26. axb4 {(00:04)}
Bd6 {(10:35)} 27. Kf1 {(00:44)} Rd8 {(01:46)} 28. b5 {
(00:52)} Be8 {(01:23)} 29. Qa5 {(00:33)} Rd7 {(03:
21)} 30. Qa8 {(00:24)} Kf8 {(00:48)} 31. Rc1 {(00:25)} Bc5
{(00:34)} 32. Qb8 {(00:57)} f6 {(01:49)} 33. Ra1 {(
00:25)} Re7 {(00:27)} 34. Ra8 {(00:42)} Nf7 {(00:30)} 35.
Bf3 {(00:34)} Rd8 {(00:48)} 36. Qxd8 {(00:22)} Nxd8 {
(00:27)} 37. Rxd8 {(00:05)} b6 38. Bc6 {(00:51)} Kf7 {
(01:04)} 39. Bd5+ {(00:09)} Kf8 {(00:07)} 40. Rb8 {
(00:00)} Ra7 {(00:00)} 41. Bc6 {(02:39)} Re7 {(01:
11)} 42. g4 {(00:44)} Kf7 {(00:53)} 43. Bd5+ {(01:50)} Kf8
{(00:01)} 44. h3 {(02:44)} Rd7 {(03:22)} 45. Bc6 {(
00:17)} Re7 {(00:01)} 46. h4 {(00:49)} h6 {(00:12)} 47.
Rc8 {(06:26)} Kf7 {(01:59)} 48. Bd5+ {(00:11)} Kf8 {
(00:01)} 49. Ra8 {(09:05)} Bb4 {(00:54)} 50. Rb8 {(
01:13)} Bc5 {(08:46)} 51. Bc6 {(05:18)} Kf7 {(00:24)} 52.
Kg2 {(01:24)} Re2+ {(01:33)} 53. Kf3 {(00:30)} Rf2+ {
(00:16)} 54. Kg3 {(00:04)} Re2 {(00:11)} 55. Rb7+ {
(01:32)} Re7 {(01:19)} 56. Bd5+ {(00:25)} Kf8 {(00:
02)} 57. Rb8 {(00:59)} Re1 {(00:29)} 58. Bc6 {(02:00)} Kf7
{(00:09)} 59. Ra8 {(01:14)} Rg1+ {(01:14)} 60. Kf3 {
(00:13)} Rf1+ {(00:11)} 61. Ke4 {(00:09)} Re1+ {(
00:37)} 62. Kd3 {(00:27)} Re7 {(01:12)} 63. Bd5+ {(02:14)}
Kf8 {(00:10)} 64. Kc4 {(00:25)} Re1 {(00:35)} 65. Bc6 {
(00:23)} Kf7 {(00:15)} 66. Kd3 {(00:31)} Re7 {(00:
25)} 67. Rc8 {(00:28)} Ba3 {(02:50)} 68. Bd5+ {(00:39)}
Kf8 {(00:04)} 69. Kc4 {(00:26)} Re2 {(01:14)} 70. Kd3 {
(00:25)} Re7 {(00:09)} 71. Be3 {(00:12)} Bc5 {(03:
22)} 72. Bxc5 {(00:31)} bxc5 {(00:01)} 73. b6 {(00:07)}
1-0

[Event "42nd Olympiad Baku 2016 Open"]
[Site "Baku"]
[Date "2016.09.05"]
[Round "4.2"]
[White "Tomashevsky, Evgeny"]
[Black "Ponomariov, Ruslan"]
[Result "0-1"]
[ECO "E18"]
[WhiteElo "2731"]
[BlackElo "2709"]
[Annotator ""]
[PlyCount "116"]
[EventDate "2016.??.??"]
[EventCountry "AZE"]
[SourceTitle "playchess.com"]
[Source "ChessBase"]
[WhiteTeam "Russia"]
[BlackTeam "Ukraine"]
[WhiteTeamCountry "RUS"]
[BlackTeamCountry "UKR"]
[TimeControl "40/5400+30:1800+30"]

1. d4 {(00:00)} Nf6 {(00:00)} 2. c4 {(00:00)} e6 {(
00:00)} 3. Nf3 {(00:00)} b6 {(00:09)} 4. g3 {(00:54)} Bb7
{(00:17)} 5. Bg2 {(00:42)} Be7 {(00:12)} 6. O-O {(
01:15)} O-O {(00:17)} 7. Nc3 {(01:16)} Ne4 {(00:44)} 8.
Bd2 {(00:09)} Bf6 {(01:20)} 9. Rc1 {(10:06)} Nxd2 {
(03:22)} 10. Qxd2 {(00:35)} d6 {(00:29)} 11. d5 {(
14:31)} e5 {(01:18)} 12. e4 {(01:52)} Nd7 {(03:40)} 13. h4
{(02:33)} a5 {(04:42)} 14. Bh3 {(01:38)} Nc5 {(07:
17)} 15. Kg2 {(02:15)} Bc8 {(04:42)} 16. Bxc8 {(17:17)}
Qxc8 {(01:11)} 17. Qe2 {(02:04)} Be7 {(09:31)} 18. Nd2 {
(04:35)} Nd7 {(17:00)} 19. Rh1 {(09:59)} Nf6 {(01:
40)} 20. Nf1 {(03:16)} h5 {(11:43)} 21. Ne3 {(02:45)} g6 {
(00:08)} 22. Rcg1 {(05:19)} Kg7 {(02:49)} 23. Kf1 {
(02:46)} Rh8 {(00:33)} 24. Ke1 {(01:48)} Qd7 {(03:
33)} 25. Kd1 {(00:50)} Kg8 {(04:00)} 26. f3 {(02:24)} Bf8
{(01:43)} 27. g4 {(00:47)} Rh7 {(01:04)} 28. Kc2 {(
01:40)} Be7 {(02:20)} 29. Rg2 {(01:02)} Qd8 {(00:46)} 30.
Kb1 {(02:46)} Kh8 {(01:44)} 31. Nf1 {(03:46)} Nd7 {
(02:20)} 32. Rgh2 {(00:20)} Kg7 {(02:21)} 33. Rh3 {
(00:46)} hxg4 {(02:22)} 34. fxg4 {(01:05)} Rxh4 {(
00:06)} 35. Rxh4 {(01:38)} Bxh4 {(00:04)} 36. Qh2 {(00:37]
} Bg5 {(00:24)} 37. Qh7+ {(01:53)} Kf8 {(00:50)} 38. Nh2 {
(00:34)} Qf6 {(07:37)} 39. Rf1 {(00:50)} Bf4 {(02:
51)} 40. Nf3 {(00:00)} Ke7 {(00:00)} 41. Rh1 {(10:17)} Bg3
{(03:42)} 42. Nd2 {(09:07)} Qf4 {(04:56)} 43. Qh3 {
(08:04)} Nf6 {(03:13)} 44. Qg2 {(02:46)} Qxg4 {(02:
37)} 45. Ne2 {(02:07)} Bf4 {(01:06)} 46. Nxf4 {(00:11)}
exf4 {(00:49)} 47. Qf1 {(00:44)} Nh5 {(01:01)} 48. Qd3 {
(00:32)} Kf8 {(02:59)} 49. a3 {(00:59)} Re8 {(01:
31)} 50. Ka2 {(00:04)} Kg7 {(00:34)} 51. Nf3 {(00:18)} Nf6
{(00:48)} 52. Re1 {(00:43)} Nd7 {(01:10)} 53. Qc3+ {
(01:11)} Ne5 {(01:06)} 54. Rf1 {(00:05)} Qh3 {(02:
37)} 55. Qc1 {(00:14)} Nxf3 {(01:42)} 56. Qc3+ {(00:02)}
f6 {(00:51)} 57. Rxf3 {(00:05)} Qg4 {(00:04)} 58. Qd3 {
(01:51)} Rh8 {(00:15)} 0-1

[Event "42nd Olympiad Baku 2016 Open"]
[Site "Baku"]
[Date "2016.09.05"]
[Round "4.24"]
[White "Torres Santiago, Jonathan"]
[Black "Kahn, Tito"]
[Result "1-0"]
[ECO "B21"]
[WhiteElo "2126"]
[BlackElo "1880"]
[Annotator ""]
[PlyCount "47"]
[EventDate "2016.??.??"]
[EventCountry "AZE"]
[SourceTitle "playchess.com"]
[Source "ChessBase"]
[WhiteTeam "Puerto Rico"]
[BlackTeam "Channel Islands"]
[WhiteTeamCountry "PUR"]
[BlackTeamCountry "JCI"]
[TimeControl "40/5400+30:1800+30"]

1. e4 {(00:59)} c5 {(00:00)} 2. d4 {(00:07)} cxd4 {
(00:00)} 3. c3 {(00:05)} dxc3 {(00:00)} 4. Nxc3 {(
00:04)} Nc6 {(00:19)} 5. Nf3 {(00:03)} e6 {(00:13)} 6. Bc4
{(00:17)} a6 {(00:07)} 7. O-O {(00:05)} Qc7 {(00:
07)} 8. Re1 {(19:15)} Bd6 {(05:03)} 9. e5 {(04:31)} Nxe5 {
(05:51)} 10. Nd5 {(19:04)} Nxf3+ {(08:28)} 11. Qxf3 {
(00:19)} Qc6 {(07:07)} 12. Qg4 {(37:40)} Kf8 {(32:
07)} 13. Qh4 {(01:39)} Be7 {(00:51)} 14. Nxe7 {(00:45)}
Nxe7 {(00:08)} 15. Bd2 {(00:06)} b5 {(08:50)} 16. Bb4 {
(00:56)} f6 {(00:47)} 17. Bxe6 {(01:02)} dxe6 {(00:
50)} 18. Rac1 {(00:05)} Qb7 {(02:39)} 19. Bd6 {(04:45)}
Qd7 {(02:52)} 20. Red1 {(00:14)} Ra7 {(13:42)} 21. Bc5 {
(03:11)} Qc7 {(03:23)} 22. Bxe7+ {(00:37)} Kxe7 {(
02:10)} 23. Rxc7+ {(00:05)} Rxc7 {(00:01)} 24. Qg3 {(00:
08)} 1-0